Map: 死亡光环-天梯版

Players

wanted

  • Race: Zerg Zerg

TIME (Oliveira) - Winner!

  • Race: Terran Terran

Event: DreamHack SC2 Masters 2020 Winter

VOD

Have the link to the VOD?

Description

Time

  • Played on: Oct. 28, 2020, 7:47 a.m.
  • Length: 13:16

All games in this series

Show
View Real Time Build Order
Export as new Build Order

wanted Zerg 

Build Orders: Hatch First, Muta Ling Bane 

Get SALT Encoding   

  12  0:00  Drone  
  13  0:08  Drone  
  14  0:16  Overlord  
  14  0:23  Extractor  
  14  0:24  Drone  
  15  0:36  Drone  
  16  0:49  Hatchery  
  15  0:51  Drone  
  15  0:54  Drone  
  17  0:58  Drone  
  18  1:09  Extractor  
  17  1:13  Spawning Pool  
  17  1:17  Drone  
  17  1:20  Drone  
  18  1:26  Drone  
  19  1:39  Drone  
  20  1:46  Hatchery  
  19  1:49  Drone  
  20  2:01  Queen  
  20  2:04  Zergling x2  
  20  2:05  Zergling x2  
  24  2:10  Zergling x2  
  25  2:16  Queen  
  27  2:23  Overlord  
  27  2:28  Drone  
  28  2:33  Metabolic Boost  
  28  2:43  Drone x4  
  32  2:54  Overlord  
  32  2:57  Drone  
  32  2:58  Drone  
  34  3:01  Queen  
  36  3:08  Queen  
  38  3:19  Overlord  
  38  3:20  Drone  
  38  3:21  Drone x2  
  38  3:22  Drone  
  38  3:26  Drone x2  
  44  3:30  Drone x2  
  46  3:36  Drone x3  
  49  3:42  Queen  
  49  3:46  Drone x2  
  53  3:52  Overlord  
  53  3:56  Drone x2  
  53  3:59  Baneling Nest  
  53  4:01  Drone x3  
  53  4:02  Drone  
  58  4:07  Overlord  
  58  4:10  Lair  
  58  4:13  Extractor  
  58  4:16  Drone  
  58  4:18  Queen  
  58  4:20  Drone x3  
  63  4:28  Zergling x6  
  66  4:32  Overlord x2  
  66  4:40  Spore Crawler  
  65  4:47  Zergling x2  
  65  4:52  Zergling x6  
  69  4:53  Extractor  
  69  4:56  Spore Crawler  
  69  4:57  Drone x4  
  70  5:03  Drone  
  70  5:06  Overlord  
  70  5:11  Drone x7  
  75  5:16  Overlord  
  75  5:20  Zergling x4, Spire  
  74  5:27  Overlord  
  74  5:29  Drone x2  
  74  5:30  Extractor  
  74  5:31  Extractor  
  74  5:34  Centrifical Hooks  
  74  5:39  Drone x3  
  75  5:51  Overlord, Drone  
  75  5:53  Drone x3  
  75  5:56  Drone x2  
  75  5:57  Drone  
  78  6:04  Drone x2  
  80  6:13  Drone x6  
  80  6:14  Extractor  
  80  6:17  Zergling x6, Evolution Chamber x2  
  86  6:20  Hatchery  
  86  6:22  Zergling x4  
  86  6:23  Overseer  
  86  6:24  Overseer  
  87  6:28  Baneling x8  
  87  6:33  Zergling x12  
  87  6:34  Hatchery  
  87  6:36  Zergling x4  
  94  6:42  Zergling x2  
  94  6:45  Overlord  
  94  6:47  Zergling x8  
  99  6:54  Zerg Flyer Weapons Level 1  
  99  6:57  Mutalisk x5  
  108  7:02  Mutalisk  
  108  7:07  Zergling x8  
  107  7:15  Zergling x6  
  103  7:20  Baneling  
  103  7:21  Baneling x5  
  103  7:22  Mutalisk x2  
  103  7:23  Overlord  
  103  7:24  Overlord  
  103  7:28  Zergling x4  
  108  7:34  Zerg Ground Armor Level 1  
  108  7:36  Overlord  
  107  7:37  Zerg Melee Weapons Level 1  
  107  7:40  Zergling x6  
  107  7:45  Baneling x5  
  107  7:46  Zergling x8, Baneling  
  107  7:48  Zergling x6  
  114  7:56  Zergling x12  
  107  8:00  Zergling x8  
  107  8:07  Mutalisk x3  
  107  8:09  Zergling x4  
  113  8:14  Drone x2  
  115  8:24  Drone x10  
  125  8:33  Overlord  
  125  8:34  Mutalisk x3  
  125  8:40  Mutalisk x3  
  137  8:46  Drone x4  
  139  8:53  Drone x3, Extractor  
  141  9:00  Overlord  
  141  9:01  Overlord  
  141  9:02  Zerg Flyer Weapons Level 2  
  141  9:06  Zergling x8  
  145  9:14  Mutalisk x4  
  145  9:15  Hatchery  
  150  9:18  Drone x3, Extractor  
  150  9:20  Overlord x2  
  152  9:24  Zergling x8  
  152  9:28  Baneling x3  
  152  9:29  Baneling x6  
  156  9:32  Overseer  
  156  9:34  Zergling x8  
  156  9:36  Zergling x6  
  163  9:43  Baneling  
  163  9:44  Baneling x9  
  163  9:48  Zergling x16  
  169  9:58  Pneumatized Carapace  
  167  10:00  Zergling x20  
  167  10:01  Zergling x6  
  167  10:02  Overlord  
  167  10:06  Zergling x2  
  175  10:11  Mutalisk x3  
  174  10:17  Overseer  
  174  10:19  Mutalisk x2  
  174  10:20  Zergling x2  
  174  10:21  Zergling x6  
  178  10:26  Hatchery, Zergling x14  
  173  10:36  Infestation Pit, Queen  
  173  10:38  Overseer x2  
  171  10:42  Zergling x2  
  171  10:43  Zergling x10  
  171  10:48  Baneling x15  
  173  10:55  Zergling x22  
  178  11:02  Baneling x8  
  178  11:04  Zergling x2  
  178  11:05  Zergling x8  
  165  11:22  Zergling x22  
  159  11:26  Baneling x10  
  159  11:31  Zergling x20  
  166  11:38  Baneling x3  
  166  11:40  Zergling x6  
  169  11:48  Baneling x2  
  169  11:52  Baneling x16  
  169  12:00  Mutalisk  
  170  12:02  Zergling x14  
  170  12:08  Hatchery  
  176  12:13  Zergling x20  
  174  12:15  Baneling x5  
  160  12:23  Overseer  
  160  12:24  Zergling x12  
  150  12:35  Mutalisk x2  
  146  12:38  Zergling x10  
  146  12:42  Overseer  
  147  12:57  Hatchery  
Show
View Real Time Build Order
Export as new Build Order

TIME Terran - Winner!

Build Orders: Liberator Opening, Reaper Expand 

Get SALT Encoding   

  12  0:00  SCV  
  13  0:12  SCV  
  14  0:17  Supply Depot  
  14  0:24  SCV  
  15  0:39  SCV  
  15  0:40  Barracks  
  16  0:45  Refinery  
  16  0:51  SCV  
  17  1:03  SCV  
  18  1:15  SCV  
  19  1:27  Orbital Command  
  19  1:28  Reaper  
  20  1:39  Command Center  
  20  1:48  Supply Depot  
  20  1:53  SCV  
  21  2:00  Marine  
  22  2:05  SCV  
  22  2:07  Factory  
  23  2:12  Refinery  
  23  2:17  SCV  
  23  2:22  Barracks Reactor  
  24  2:29  SCV  
  25  2:41  SCV  
  26  2:52  Orbital Command  
  26  2:54  SCV  
  27  2:59  Starport  
  27  3:04  Hellion x2  
  31  3:06  SCV  
  31  3:07  Barracks Tech Lab  
  32  3:18  SCV x2  
  34  3:22  Supply Depot  
  34  3:26  Hellion x2  
  38  3:30  SCV  
  38  3:31  SCV  
  38  3:32  Marine  
  41  3:41  Liberator  
  41  3:42  SCV  
  41  3:44  SCV  
  41  3:47  Supply Depot  
  46  3:49  Hellion x2  
  46  3:54  SCV  
  51  3:56  SCV  
  52  4:06  SCV  
  52  4:07  Command Center  
  52  4:09  Barracks Tech Lab  
  53  4:14  SCV  
  54  4:19  SCV  
  54  4:24  Barracks  
  55  4:26  SCV  
  55  4:27  Supply Depot  
  55  4:29  Marine  
  55  4:30  Stimpack  
  57  4:31  Barracks  
  57  4:36  Starport Reactor, Siege Tank  
  60  4:40  SCV  
  60  4:41  SCV  
  62  4:49  Marine  
  62  4:51  Supply Depot  
  63  4:53  SCV  
  63  4:56  SCV  
  63  4:58  Engineering Bay, Refinery  
  63  4:59  Engineering Bay  
  65  5:03  Refinery  
  65  5:05  SCV  
  65  5:06  Marine  
  66  5:08  SCV  
  68  5:14  Marine  
  68  5:17  SCV  
  68  5:21  Marine  
  68  5:23  Starport Reactor  
  68  5:24  Orbital Command  
  68  5:27  Terran Infantry Weapons Level 1, Terran Infantry Armor Level 1  
  68  5:28  Marine  
  68  5:30  Marine x2, Siege Tank  
  68  5:32  SCV  
  68  5:34  SCV  
  76  5:37  Marine  
  76  5:41  Marine  
  78  5:48  Marine  
  74  5:50  Marine  
  74  5:51  Marine  
  74  5:52  Orbital Command  
  74  5:54  SCV  
  74  5:55  Marine  
  74  5:56  SCV  
  75  5:59  Marine  
  75  6:04  Medivac x2, Siege Tank  
  75  6:05  Marine  
  75  6:06  SCV  
  75  6:08  Marine  
  75  6:11  SCV, Marine  
  84  6:12  Marine  
  84  6:13  Combat Shield, Barracks  
  84  6:16  Barracks  
  84  6:18  SCV  
  86  6:24  Armory  
  86  6:25  Marine  
  86  6:26  Marine  
  86  6:27  Supply Depot  
  86  6:28  SCV  
  86  6:29  SCV  
  86  6:30  SCV  
  91  6:33  Supply Depot  
  91  6:34  Marine x2  
  91  6:36  Supply Depot  
  93  6:48  SCV x2, Medivac x2, Marine x2  
  101  6:55  SCV, Marine x2, Siege Tank  
  101  6:58  Supply Depot  
  101  7:00  SCV  
  101  7:10  Marine  
  101  7:14  Barracks Reactor, Marine x2  
  101  7:15  Barracks Reactor  
  98  7:18  SCV x2  
  98  7:19  Refinery  
  98  7:20  SCV, Refinery  
  98  7:22  Factory  
  101  7:23  Command Center, Marine  
  101  7:24  Marine  
  101  7:26  Medivac x2  
  107  7:32  Marine x2  
  107  7:36  SCV  
  108  7:40  Marine  
  108  7:41  Siege Tank  
  108  7:42  SCV x2, Missile Turret  
  114  7:46  Marine x2  
  114  7:48  SCV, Drilling Claws  
  117  7:58  Marine x2  
  102  8:00  Marine  
  102  8:01  Marine  
  102  8:02  Marine  
  102  8:04  SCV  
  102  8:06  Marine  
  102  8:08  Marine x2  
  102  8:09  Factory Reactor  
  102  8:11  SCV x2, Terran Infantry Weapons Level 2  
  101  8:13  Marine, Thor  
  101  8:19  Marine  
  107  8:20  Marine x3  
  107  8:21  Terran Infantry Armor Level 2  
  107  8:22  SCV  
  107  8:23  SCV  
  107  8:25  Marine  
  107  8:26  Marine x2  
  115  8:29  Marine  
  115  8:30  Terran Vehicle And Ship Armor Level 1  
  115  8:33  Marine  
  117  8:34  Supply Depot  
  117  8:36  Supply Depot, Missile Turret  
  117  8:37  SCV  
  117  8:38  SCV  
  117  8:40  Marine x3  
  121  8:42  SCV  
  121  8:46  Marine  
  121  8:47  Marine  
  124  8:50  Medivac x2, Widow Mine  
  124  8:51  SCV, Widow Mine  
  124  8:54  Marine x2  
  135  8:57  Marine x2  
  135  8:58  Widow Mine  
  135  9:02  Supply Depot x2  
  139  9:04  Missile Turret  
  139  9:05  Missile Turret  
  139  9:07  Marine x2  
  139  9:08  Sensor Tower  
  141  9:10  Planetary Fortress  
  141  9:17  SCV x2, Marine  
  141  9:18  Marine x3  
  141  9:21  Widow Mine x2  
  141  9:22  Widow Mine  
  157  9:25  Marine  
  157  9:26  Supply Depot  
  157  9:28  Marine x2  
  160  9:35  Marine  
  160  9:37  SCV x2, Marine x2  
  166  9:38  Supply Depot  
  166  9:42  Starport Reactor  
  166  9:43  Barracks Reactor  
  166  9:45  Barracks  
  161  9:46  Barracks  
  161  9:48  Marine, Barracks  
  162  9:55  Marine x2  
  162  9:57  Widow Mine x2, Thor, Marine x2  
  176  10:04  SCV  
  176  10:08  Marine  
  176  10:10  SCV, Marine x2  
  175  10:14  Marine  
  175  10:20  Hellbat  
  175  10:22  Medivac  
  175  10:23  Marine  
  175  10:25  Marine x2  
  170  10:29  Marine  
  170  10:30  Marauder, Marine x3  
  170  10:33  Supply Depot, Marine, Widow Mine  
  170  10:34  Command Center  
  170  10:43  Barracks Tech Lab x2  
  170  10:44  Barracks Tech Lab  
  170  10:45  Marine  
  170  10:47  Widow Mine, Thor  
  170  10:49  Medivac  
  178  10:51  Marine  
  178  10:52  Marauder, Marine  
  178  10:54  Marine x2  
  178  10:55  Marine x2  
  186  10:58  SCV x2  
  186  11:01  Marine  
  186  11:03  Missile Turret x2  
  189  11:05  Marine x2  
  189  11:06  Marauder  
  189  11:08  Medivac  
  195  11:12  Widow Mine  
  185  11:19  Medivac  
  185  11:24  Marine  
  185  11:25  Marauder x2, Marine x2  
  173  11:26  Marine  
  173  11:27  Marauder, Marine  
  173  11:28  Widow Mine  
  179  11:35  Command Center  
  179  11:36  Marine  
  179  11:37  Marine x2  
  179  11:39  Widow Mine  
  184  11:41  Medivac  
  184  11:42  Marine  
  184  11:44  Concussive Shells  
  184  11:46  Marauder  
  189  11:49  Medivac  
  189  11:52  Marine x2  
  193  11:55  Widow Mine x2  
  193  11:59  Marine x2  
  199  12:01  Missile Turret x2  
  199  12:03  Marine  
  199  12:04  Missile Turret  
  184  12:18  Marine  
  184  12:21  Marine x3  
  184  12:22  Marauder  
  179  12:26  Medivac x2, Thor  
  179  12:27  Marine  
  175  12:30  Marine  
  175  12:31  Marauder, Marine  
  175  12:33  Planetary Fortress, Widow Mine x2  
  175  12:37  SCV x2  
  163  12:39  Marine x3  
  163  12:42  Missile Turret  
  166  12:48  Marine x3  
  169  12:57  Marine  
Tags
 
Add a new tag
Caveats
  • Supply blocks, unpowered buildings, or Contaminate may cause inaccurate times.
  • Supply counts are checked every 10 seconds.